 Dungeon Crawl Stone Soup version 0.19.1-1-g22dce08 (webtiles) character file.

314114 Peloso the Fencer (level 21, -4/195 HPs)
             Began as a Ghoul Fighter on Jan 6, 2017.
             Was the Champion of Okawaru.
             Killed from afar by a fire dragon (41 damage)
             ... with a blast of flame
             ... on level 2 of the Vaults on Jan 7, 2017.
             The game lasted 03:37:58 (43230 turns).

Peloso the Fencer (Ghoul Fighter)                  Turns: 43230, Time: 03:37:58

Health: -4/195     AC: 34    Str: 36    XL:     21   Next: 34%
Magic:  22/22      EV: 21    Int:  3    God:    Okawaru [******]
Gold:   3285       SH: 19    Dex: 22    Spells: 0 memorised, 20 levels left

rFire  . . .     SeeInvis +     L - +7 double sword (protect)
rCold  + + +     Gourm    .     s - +8 chain mail of the Heron {rC+ Regen+ Dex+3}
rNeg   + + +     Faith    .     Y - +2 shield {rC+}
rPois  ∞         Spirit   .     A - +1 hat {MR+}
rElec  .         Reflect  .     b - +0 cloak of the Kangaroo {rC++}
rCorr  .         Harm     .     p - +0 pair of gloves {Dex+3}
MR     +++++                    y - +1 pair of boots "Ninkaef" {MR+ Regen+ SInv}
Stlth  ..........               l - amulet of regeneration
                                z - ring of protection from magic
                                n - ring "Cuagg" {MR+ Str+4}

@: mighty, agile, about to teleport, protection aura, rotting
A: rotting body, claws 1, carnivore 3, cold resistance 1, negative energy
resistance 3, slow regeneration 1, torment resistance, unbreathing
a: Heroism, Finesse, Renounce Religion
}: 2/15 runes: decaying, gossamer


You were on level 2 of the Vaults.
You worshipped Okawaru.
Okawaru was exalted by your worship.
You were not hungry.

You visited 7 branches of the dungeon, and saw 34 of its levels.
You visited the Abyss 4 times.
You also visited: Ossuary, Ice Cave and Volcano.

You collected 4317 gold pieces.
You spent 1032 gold pieces at shops.

Inventory:

Hand Weapons
 c - the cursed +1 dagger "Atonaeh" {elec, +Blink rElec rF++ Str-3, unknown}
   (You found it on level 2 of the Vaults)

   Occasionally, upon striking a foe, it will discharge some electrical energy
   and cause terrible harm.
   It affects your strength (-3).
   It greatly protects you from fire.
   It insulates you from electricity.
   It lets you blink.
   It has a curse placed upon it.
 q - a +4 scimitar of flaming
 L - a +7 double sword of protection (weapon)
Armour
 b - the +0 cloak of the Kangaroo (worn) {rC++}
   (Okawaru gifted it to you on level 2 of the Orcish Mines)

   It greatly protects you from cold.
 p - a +0 pair of gloves of dexterity (worn)
 s - the +8 chain mail of the Heron (worn) {rC+ Regen+ Dex+3}
   (You bought it in a shop on level 5 of the Dungeon)

   It affects your dexterity (+3).
   It protects you from cold.
   It increases your rate of regeneration.
 y - the +1 pair of boots "Ninkaef" (worn) {MR+ Regen+ SInv}
   (Okawaru gifted it to you on level 3 of the Lair of Beasts)

   It affects your resistance to hostile enchantments.
   It lets you see invisible.
   It increases your rate of regeneration.
 A - a +1 hat of magic resistance (worn)
 Q - the +2 hat of Disguise {Dex+3 Stlth+}
   (Okawaru gifted it to you on level 3 of the Spider Nest)

   It affects your dexterity (+3).
   It makes you more stealthy.
 Y - a +2 shield of cold resistance (worn)
Jewellery
 l - an amulet of regeneration (around neck)
 n - the ring "Cuagg" (left hand) {MR+ Str+4}
   (You found it on level 2 of the Abyss)

   [ring of protection from magic]

   It affects your strength (+4).
   It affects your resistance to hostile enchantments.
 r - an uncursed ring of protection from fire
 z - a ring of protection from magic (right hand)
 C - an uncursed ring of resist corrosion
 Z - an uncursed ring of protection from fire
Wands
 e - a wand of teleportation (3/9)
 o - a wand of heal wounds (3/9)
 x - a wand of disintegration (4/24)
 O - a wand of digging (12/24)
Scrolls
 h - a scroll of amnesia
 i - 7 scrolls of teleportation
 j - 2 scrolls of summoning
 v - 9 scrolls of recharging
 B - a scroll of silence
 D - 12 scrolls of remove curse
 H - a scroll of fear
 M - 4 scrolls of blinking
 V - 3 scrolls of magic mapping
 X - 10 scrolls of identify
Potions
 d - 4 potions of haste
 g - 10 potions of curing
 k - 5 potions of agility
 t - 5 potions of resistance
 I - 4 potions of flight
 J - 2 potions of might
Comestibles
 f - 25 meat rations
 m - 4 royal jellies
 u - 14 beef jerkies
 w - 11 slices of pizza


   Skills:
 + Level 18.3 Fighting
 + Level 18.7 Long Blades
 + Level 13.4 Armour
 + Level 8.3 Dodging
 + Level 1.9 Stealth
 + Level 17.9 Shields
 + Level 3.0 Invocations
 + Level 0.1 Evocations


You had 20 spell levels left.
You didn't know any spells.

Dungeon Overview and Level Annotations

Branches:
Dungeon (15/15)            Temple (1/1) D:5            Lair (6/6) D:8
  Swamp (4/4) Lair:3       Spider (4/4) Lair:4        Slime (0/5) Lair:6
    Orc (2/2) D:12            Elf (0/3) Orc:2        Vaults (2/5) D:14
  Crypt (0/3) Vaults:2     Depths (0/5) D:15

Altars:
Ashenzari
Cheibriados
Dithmenos
Elyvilon
Fedhas
Gozag
Hepliaklqana
Kikubaaqudgha
Makhleb
Nemelex Xobeh
Okawaru
Qazlal
Ru
Sif Muna
Trog
Uskayaw
Vehumet
Xom
Yredelemnul
Zin
The Shining One
Beogh
Jiyva

Shops:
D:5 [   D:7 }   D:11 [   Orc:1 ***   Orc:2 [*=(?

Portals:
Hell: Lair:6
Trove: D:11 (show abyssal rune of Zot)


Innate Abilities, Weirdness & Mutations

Your body is rotting away.
You thrive on raw meat.
You are immune to poison.
You have sharp fingernails.
You are carnivorous and can eat meat at any time.
Your flesh is cold resistant. (rC+)
You are immune to negative energy. (rN+++)
You regenerate slowly when monsters are visible.
You are immune to unholy pain and torment.
You can survive without breathing.


Message History

You hit the orc knight but do no damage.
The orc knight is moderately wounded.
You block the orc knight's attack.
Unknown command.
Evoke which item? (* to show all) (? for menu, Esc to quit)
Zapping:
e - a wand of teleportation (4/9)
Press: ? - help, Shift-Dir - straight line, f - you You feel strangely unstable.
This wand has 3 charges left.
The hell hog changes into a wolf spider!
You open the orc knight like a pillowcase!!!
The orc knight is almost dead.
The orc knight closely misses you.
Unknown command.
You slash the orc knight!
You kill the orc knight!
Okawaru accepts your kill.
The yaktaur captain shoots a bolt.
You block the bolt. The fire dragon breathes flames at you.
The blast of flame hits you!
You die...

#.. #...# #...#
#.. #...# #..#
#...# . #..#
#...# ..##..#
#...# ..'..#
#...#
#.p########...#
#.sc)@[.......#
#..D########..#
#...#."....#..#
#.[.#......#..#
#...#......#..#
#...#......#..#
#...#......'..#
###
#...#......#..#
##.##
#...#......#..#


You could see a fire dragon, a yaktaur captain, a wolf spider shaped shifter and
a vault sentinel.

Vanquished Creatures
  Saint Roka (Orc:2)
  Bai Suzhen (Swamp:3)
  A bone dragon (Abyss:4)
  Jorgrun (Spider:2)
  A tentacled monstrosity (Vaults:2)
  Rupert (D:12)
  A lich (Abyss:4)
  2 Executioners
  Agnes (Spider:2)
  2 thorn hunters
  The ghost of retryentry the Executioner, an adept DsFi of Okawaru (Vaults:2)
  8 tentacled starspawn
  A tengu reaver (Vaults:2)
  The ghost of humperndinck the Corrupter of Planes, an adept DsAK of Lugonu (IceCv)
  2 frost giants
  Roxanne (Swamp:1)
  2 fire giants
  A revenant (Vaults:2)
  2 vault wardens (Vaults:2)
  A deep elf sorcerer (Vaults:1)
  2 ghost moths (Spider:4)
  The ghost of retryentry the Severer, a journeyman DsFi of Okawaru (Spider:1)
  An orc warlord (Orc:1)
  6 emperor scorpions
  6 ironheart preservers
  A reaper (Abyss:1)
  A stone giant (Vaults:2)
  Nessos (D:13)
  A very ugly thing (Abyss:4)
  5 entropy weavers
  Azrael (Spider:2)
  A spark wasp (Spider:2)
  A deep elf annihilator (Vaults:2)
  A mottled draconian (Vaults:1)
  The ghost of hnnnnnnnnnngh the Shatterer, a journeyman OgBe of Trog (D:13)
  A blizzard demon (Abyss:3)
  Snorg (D:11)
  An eidolon (Vaults:2)
  A quicksilver dragon zombie (Abyss:3)
  Josephine (Lair:4)
  5 yaktaur captains
  2 fire dragons (Vaults:1)
  A rakshasa (Abyss:4)
  21 hydras
  Harold (Lair:4)
  5 ogre magi
  3 great orbs of eyes
  9 vault guards
  A naga warrior (Abyss:3)
  4 ice dragons
  3 catoblepae
  Erica (D:8)
  3 centaur warriors
  A ghost crab (Swamp:4)
  A dancing weapon (Abyss:3)
  8 alligators
  3 deep troll earth magi (Vaults:2)
  A tengu warrior (D:15)
  3 orc high priests (Orc:2)
  2 thrashing horrors (Abyss:5)
  Urug (D:11)
  The ghost of monokles the Gouger, a journeyman FeMo of Gozag (IceCv)
  Sonja (D:12)
  3 wretched stars
  4 deep elf knights
  2 shadow wraiths (Abyss:5)
  3 skeletal warriors (D:15)
  4 sixfirhies
  2 spatial maelstroms
  A glowing orange brain (Abyss:3)
  9 deep trolls
  A spriggan druid (Swamp:3)
  A flayed ghost (Vaults:1)
  4 shambling mangroves
  A death drake (Swamp:3)
  10 swamp dragons
  The ghost of kwasso the Quickloader, a novice KoHu of Fedhas (D:10)
  4 wizards
  A lindwurm (Lair:6)
  2 spectral hydras (Swamp:3)
  Pikel (D:7)
  6 orc knights
  3 necromancers
  10 deep elf magi
  12 hill giants
  3 ironbrand convokers
  A phantasmal warrior (Swamp:3)
  5 orc sorcerers
  20 wolf spiders
  20 orb spiders
  6 cyclopes
  4 manticores
  3 worldbinders
  2 toenail golems (Volcano)
  A salamander (Abyss:3)
  37 ugly things
  15 elephants
  2 moths of wrath
  Maurice (D:12)
  A salamander (shapeshifter) (Abyss:3)
  8 black mambas
  2 torpor snails
  2 ice statues (IceCv)
  5 vault sentinels (Vaults:1)
  3 orange demons (Lair:6)
  3 molten gargoyles (Volcano)
  22 spiny frogs
  A guardian serpent (Abyss:3)
  8 smoke demons
  3 gargoyles
  4 swamp worm zombies (Swamp:3)
  10 komodo dragons
  11 yaktaurs
  A hellion (Abyss:3)
  5 ice devils (Lair:6)
  3 rime drakes (Lair:6)
  5 efreet
  5 ancient zymes
  A hellwing (Lair:6)
  4 freezing wraiths
  8 trolls
  13 demonic crawlers
  15 polar bears
  A red devil (Lair:6)
  A tyrant leech (shapeshifter) (Vaults:1)
  25 jumping spiders
  Prince Ribbit (D:7)
  14 bog bodies
  6 two-headed ogres
  26 hornets
  17 slime creatures
  5 tyrant leeches
  A hornet (shapeshifter) (D:14)
  4 spectral swamp dragons (Swamp:3)
  29 blink frogs
  A harpy skeleton (D:15)
  A meliai zombie (D:13)
  20 raiju
  The ghost of senny the Cudgeler, an amateur GrMo of Cheibriados (D:4)
  An alligator zombie (Swamp:3)
  7 hippogriffs
  66 redbacks
  3 flying skulls (Abyss:2)
  9 wraiths
  5 shadows
  8 small abominations
  Sigmund (D:5)
  3 vampires
  5 wyverns
  Eustachio (D:5)
  14 spriggans
  2 tyrant leech zombies (Swamp:3)
  26 tarantellas
  2 ynoxinuls
  54 yaks
  4 hogs (D:8)
  18 humans
  20 large abominations
  A fire bat (Abyss:4)
  5 fire elementals
  3 neqoxecs
  28 vampire mosquitoes
  3 hungry ghosts
  3 basilisks
  5 chaos spawn
  3 mottled dragons
  7 wargs
  7 insubstantial wisps
  18 swamp worms
  3 hell hounds (Spider:2)
  8 spiny frog zombies (Swamp:3)
  16 water moccasins
  3 porcupines
  2 sky beasts
  40 orc warriors
  A slave (D:7)
  7 ice beasts
  2 phantoms
  3 black bears
  11 swamp drakes
  2 necrophages
  An eye of draining (D:12)
  18 ogres
  16 wolves
  The ghost of tschems the Shield-Bearer, an amateur HuFi (D:3)
  3 boggarts (Lair:3)
  13 centaurs
  A crocodile (shapeshifter) (Vaults:2)
  12 crocodiles
  A big kobold (D:14)
  16 bullfrogs
  An earth elemental (Volcano)
  A wyvern zombie (D:12)
  34 scorpions
  15 killer bees
  3 spriggan zombies (Swamp:3)
  4 troll zombies (Swamp:3)
  16 wights
  8 howler monkeys
  2 bullfrog zombies
  3 electric eels
  3 lava snakes (Lair:5)
  5 centaur zombies
  7 starcursed masses (Abyss:3)
  10 crimson imps
  3 quasits
  A human zombie (Ossuary)
  4 jellies
  8 hounds
  Crazy Yiuf (D:5)
  14 orc priests
  25 orc wizards
  6 centaur skeletons
  2 iguanas
  A hell rat (shapeshifter) (D:15)
  9 worker ants
  2 big kobold zombies (Ossuary)
  A hound skeleton (D:4)
  3 mummies (Ossuary)
  A howler monkey zombie (D:6)
  2 worker ant zombies
  A howler monkey skeleton (D:4)
  17 adders
  7 gnolls
  5 shadow imps
  A white imp (Abyss:4)
  5 adder zombies
  4 worms
  2 dart slugs
  5 leopard geckos
  113 orcs
  5 giant cockroaches
  8 goblins
  8 hobgoblins
  7 jackals
  11 quokkas
  2 ball pythons
  7 bats
  8 frilled lizards
  2 gnoll zombies (Ossuary)
  2 goblin zombies (Ossuary)
  4 hobgoblin zombies (Ossuary)
  4 jackal zombies (Ossuary)
  15 kobolds
  4 kobold zombies (Ossuary)
  An orc zombie (Ossuary)
  A quokka skeleton (D:9)
  6 quokka zombies (Ossuary)
  9 rats
  4 rat zombies (Ossuary)
  2 fire vortices (Volcano)
  2 fungi
  2 plants
  5 starspawn tentacles
1635 creatures vanquished.

Vanquished Creatures (collateral kills)
  A hornet (Swamp:3)
  2 electric eels (Lair:1)
3 creatures vanquished.

Vanquished Creatures (others)
  A vault warden (Vaults:1)
  A hydra (Swamp:4)
  An ogre mage (D:15)
  A wretched star (Abyss:3)
  An ironbrand convoker (Vaults:1)
  A wolf spider zombie (D:15)
  A polar bear (IceCv)
  3 jumping spiders
  A bog body (Swamp:2)
  A vampire mosquito (D:15)
  A swamp drake (Swamp:2)
  An ogre (Vaults:2)
  2 fire vortices (Volcano)
  22 fungi
  3 lurking horrors
  8 plants
  21 starspawn tentacles
  5 withered plants (Swamp:3)
75 creatures vanquished.

Grand Total: 1713 creatures vanquished

Notes
Turn   | Place    | Note
-------+----------+-------------------------------------------
     0 | D:1      | Peloso the Ghoul Fighter began the quest for the Orb.
     0 | D:1      | Reached XP level 1. HP: 19/19 MP: 0/0
   122 | D:1      | Reached XP level 2. HP: 21/26 MP: 1/1
   688 | D:2      | Reached XP level 3. HP: 10/30 MP: 2/2
  1090 | D:2      | Reached XP level 4. HP: 35/39 MP: 3/3
  1275 | D:2      | Found a snail-covered altar of Cheibriados.
  1281 | D:2      | Found an opulent altar of Gozag.
  1817 | D:3      | Reached XP level 5. HP: 33/46 MP: 4/4
  1926 | D:3      | Noticed tschems's ghost (amateur HuFi)
  1947 | D:3      | Killed tschems's ghost
  2251 | D:3      | Reached XP level 6. HP: 50/52 MP: 5/5
  2491 | D:3      | Found a hazy altar of Hepliaklqana.
  2757 | D:4      | Noticed senny's ghost (amateur GrMo)
  2855 | D:5      | Entered Level 5 of the Dungeon
  2855 | D:5      | Found Xiluppi's Armour Boutique.
  2883 | D:5      | Reached skill level 1 in Dodging
  2930 | D:5      | Found a glowing silver altar of Zin.
  2981 | D:5      | Found a shattered altar of Ashenzari.
  3430 | D:5      | Noticed a sky beast
  3447 | D:5      | Killed a sky beast
  3447 | D:5      | Reached XP level 7. HP: 37/59 MP: 6/6
  3493 | D:5      | Found a staircase to the Ecumenical Temple.
  3494 | D:5      | Noticed Prince Ribbit
  3503 | D:5      | Noticed Sigmund
  3516 | Temple   | Entered the Ecumenical Temple
  4573 | D:5      | Noticed Eustachio
  4897 | D:6      | Reached skill level 5 in Shields
  4903 | D:6      | Reached XP level 8. HP: 40/67 MP: 7/7
  4921 | D:6      | Reached skill level 5 in Fighting
  4921 | D:6      | Reached skill level 5 in Long Blades
  5293 | D:6      | Found an iron altar of Okawaru.
  5316 | D:6      | Became a worshipper of Warmaster Okawaru
  5585 | D:5      | Found a runed door.
  5589 | D:5      | Noticed Crazy Yiuf
  5593 | D:5      | Killed Crazy Yiuf
  5679 | D:5      | Killed Eustachio
  5679 | D:5      | Reached skill level 5 in Armour
  5691 | D:5      | Killed Sigmund
  5691 | D:5      | Reached * piety under Okawaru
  5746 | D:5      | Reached XP level 9. HP: 71/75 MP: 8/8
  6048 | D:4      | Killed senny's ghost
  6180 | D:4      | Found a faded altar of an unknown god.
  6180 | D:4      | Found a hide-covered altar of Uskayaw.
  6185 | D:4      | Found a faded altar of an unknown god.
  6187 | D:4      | Found a faded altar of an unknown god.
  6189 | D:4      | Found a faded altar of an unknown god.
  6467 | D:7      | Found a deep blue altar of Sif Muna.
  6467 | D:7      | Found a basalt altar of Yredelemnul.
  6482 | D:7      | Killed Prince Ribbit
  6482 | D:7      | Reached ** piety under Okawaru
  6506 | D:7      | Found a radiant altar of Vehumet.
  6624 | D:7      | Found Pehen's Quality Used Wands.
  6900 | D:7      | Noticed Pikel
  6926 | D:7      | Killed Pikel
  6926 | D:7      | Reached XP level 10. HP: 73/84 MP: 9/9
  7122 | D:8      | Reached *** piety under Okawaru
  7235 | D:8      | Noticed Erica
  7246 | D:8      | Killed Erica
  7246 | D:8      | Reached skill level 1 in Stealth
  7259 | D:8      | Found a staircase to the Lair.
  7300 | D:8      | Found a sand-covered staircase.
  7306 | Ossuary  | Entered an ossuary
  7893 | D:8      | Reached **** piety under Okawaru
  8662 | D:9      | Reached ***** piety under Okawaru
  8745 | D:9      | Reached XP level 11. HP: 78/94 MP: 10/10
  8852 | D:9      | Found a roughly hewn altar of Beogh.
  8966 | D:9      | Reached skill level 10 in Long Blades
  9024 | D:9      | Received a gift from Okawaru
  9305 | Lair:1   | Entered Level 1 of the Lair of Beasts
 10948 | Lair:1   | Identified a scroll of acquirement
 12074 | D:5      | Bought the +8 chain mail of the Heron {rC+ Regen+ Dex+3} for 648 gold pieces
 12577 | Lair:3   | Reached XP level 12. HP: 81/104 MP: 8/11
 12623 | Lair:3   | Found a staircase to the Swamp.
 13019 | Lair:3   | Noticed a spriggan rider
 13021 | Lair:3   | Received a gift from Okawaru
 13074 | Lair:3   | Got a pair of distressingly furry boots {god gift}
 13080 | Lair:3   | Identified the +1 pair of boots "Ninkaef" {MR+ Regen+ SInv} (Okawaru gifted it to you on level 3 of the Lair of Beasts)
 13459 | Lair:3   | Noticed a spriggan rider
 13622 | Lair:3   | Reached skill level 10 in Fighting
 13718 | Lair:4   | Noticed Josephine
 13740 | Lair:4   | Killed Josephine
 13989 | Lair:4   | Noticed a seven-headed hydra
 13999 | Lair:4   | Killed a one-headed hydra
 14067 | Lair:4   | Found a hole to the Spider Nest.
 14083 | Lair:4   | Found a radiant altar of Vehumet.
 14287 | Lair:4   | Noticed Harold
 14299 | Lair:4   | Killed Harold
 14299 | Lair:4   | Reached XP level 13. HP: 104/114 MP: 12/12
 14650 | D:10     | Entered Level 10 of the Dungeon
 14860 | D:10     | Noticed kwasso's ghost (novice KoHu)
 14874 | D:10     | Killed kwasso's ghost
 15137 | D:10     | Reached skill level 10 in Shields
 15355 | D:11     | Reached ****** piety under Okawaru
 15533 | D:11     | Found a portal to a secret trove of treasure.
 15577 | D:11     | Received a gift from Okawaru
 15621 | D:11     | Noticed Urug
 15663 | D:11     | Killed Urug
 16024 | D:11     | Found Xintebla's Armour Shop.
 16410 | D:12     | Noticed Snorg
 16443 | D:11     | Killed Snorg
 16545 | D:12     | Noticed Rupert
 16569 | D:12     | Killed Rupert
 16569 | D:12     | Received a gift from Okawaru
 16608 | D:12     | Found a staircase to the Orcish Mines.
 16642 | D:12     | Noticed Maurice
 16669 | D:12     | Killed Maurice
 16821 | D:12     | Received a gift from Okawaru
 16953 | D:12     | Noticed Sonja
 16995 | D:12     | Reached XP level 14. HP: 124/124 MP: 11/13
 17087 | D:12     | Cast into level 1 of the Abyss (Sonja)
 17144 | Abyss:1  | Noticed a reaper
 17151 | Abyss:1  | Killed a reaper
 17278 | Abyss:2  | Noticed a tentacled starspawn
 17291 | Abyss:2  | Killed a tentacled starspawn
 17291 | Abyss:2  | Reached skill level 1 in Invocations
 17301 | Abyss:2  | Noticed a tentacled starspawn
 17311 | Abyss:2  | Killed a tentacled starspawn
 17375 | D:12     | Escaped the Abyss
 17581 | Orc:1    | Entered Level 1 of the Orcish Mines
 17582 | Orc:1    | Found Jyll's Assorted Antiques.
 17592 | Orc:1    | Found Esorphuf's Assorted Antiques.
 17611 | Orc:1    | Bought a glowing cloak for 231 gold pieces
 17837 | Orc:1    | Found Kaunugotz's Assorted Antiques.
 17854 | Orc:1    | Bought a scroll of magic mapping for 105 gold pieces
 18044 | Orc:2    | Entered Level 2 of the Orcish Mines
 18053 | Orc:2    | Noticed an orc warlord
 18054 | Orc:2    | Found Guwiaf's Antique Weapon Emporium.
 18111 | Orc:1    | Killed an orc warlord
 18321 | Orc:2    | Received a gift from Okawaru
 18453 | Orc:2    | Found Xegini's Jewellery Shop.
 18875 | Orc:2    | Noticed Saint Roka
 19306 | Orc:2    | Killed Saint Roka
 19306 | Orc:2    | Received a gift from Okawaru
 19309 | Orc:2    | Got a shimmering cloak {god gift}
 19320 | Orc:2    | Identified the +0 cloak of the Kangaroo {rC++} (Okawaru gifted it to you on level 2 of the Orcish Mines)
 19344 | Orc:2    | Reached XP level 15. HP: 133/133 MP: 15/15
 19388 | Orc:2    | Found Luafe's General Store.
 19394 | Orc:2    | Found a staircase to the Elven Halls.
 19446 | Orc:2    | Found Fug Nues's Magic Scroll Shoppe.
 19615 | Orc:2    | Found Eboxar's Antique Armour Emporium.
 19808 | Orc:2    | Bought a scroll of remove curse for 48 gold pieces
 20187 | Lair:5   | Found a dark tunnel.
 20202 | Volcano  | Entered a volcano
 20217 | Volcano  | Reached skill level 10 in Armour
 20825 | Lair:5   | Reached skill level 15 in Long Blades
 21457 | Lair:6   | Entered Level 6 of the Lair of Beasts
 21897 | Lair:6   | Found a viscous altar of Jiyva.
 21897 | Lair:6   | Found a staircase to the Slime Pits.
 22052 | Lair:6   | Received a gift from Okawaru
 22550 | Lair:6   | Found a burning altar of Makhleb.
 22694 | Lair:6   | Found a gateway to Hell.
 23408 | Lair:4   | Reached XP level 16. HP: 143/143 MP: 16/16
 23452 | Spider:1 | Entered Level 1 of the Spider Nest
 23484 | Spider:1 | Noticed retryentry's ghost (journeyman DsFi)
 23535 | Spider:1 | Killed retryentry's ghost
 23886 | Spider:1 | Received a gift from Okawaru
 23963 | Spider:1 | Reached skill level 5 in Dodging
 24821 | Spider:2 | Got an ancient demon blade
 24822 | Spider:2 | Identified the +2 demon blade of Zusomic {pain, rC+ Int+6} (You found it on level 2 of the Spider Nest)
 25112 | Spider:2 | Noticed Azrael
 25134 | Spider:2 | Noticed Jorgrun
 25146 | Spider:2 | Noticed Agnes
 25426 | Spider:2 | Killed Jorgrun
 25439 | Spider:2 | Killed Agnes
 25584 | Spider:2 | Received a gift from Okawaru
 25597 | Spider:2 | Got a transparent long sword {god gift}
 25612 | Spider:2 | Identified the +1 long sword of Action {slice, MR+ Str+4} (Okawaru gifted it to you on level 2 of the Spider Nest)
 25941 | Spider:2 | Killed Azrael
 26111 | Spider:2 | Reached XP level 17. HP: 62/154 MP: 17/17
 26142 | Spider:3 | Received a gift from Okawaru
 26163 | Spider:3 | Got an ancient hat {god gift}
 26175 | Spider:3 | Identified the +2 hat of Disguise {Dex+3 Stlth+} (Okawaru gifted it to you on level 3 of the Spider Nest)
 26217 | Spider:3 | Got a crude spear
 26218 | Spider:3 | Identified the +11 spear "Cos Juhu" {drain, rN+} (You found it on level 3 of the Spider Nest)
 26727 | Spider:4 | Entered Level 4 of the Spider Nest
 26762 | Spider:4 | Got a twisted dagger
 26889 | Spider:4 | Identified the +10 dagger of Propriety {venom, rElec Str+3 Int+4 Dex-2} (You found it on level 4 of the Spider Nest)
 27032 | Spider:4 | Got an ebony arbalest
 28750 | Spider:4 | Received a gift from Okawaru
 28750 | Spider:4 | Reached skill level 15 in Fighting
 28789 | Spider:4 | Got a gossamer rune of Zot
 29151 | Swamp:1  | Entered Level 1 of the Swamp
 29258 | Swamp:1  | Noticed Roxanne
 29288 | Swamp:1  | Killed Roxanne
 29289 | Swamp:1  | Identified Roxanne's Papyrus of the Rocks (You took it off Roxanne on level 1 of the Swamp)
 30775 | Swamp:3  | Noticed Bai Suzhen
 30804 | Swamp:3  | Killed Bai Suzhen
 30804 | Swamp:3  | Reached XP level 18. HP: 120/163 MP: 11/18
 31501 | Swamp:3  | Received a gift from Okawaru
 31759 | Swamp:3  | Reached skill level 15 in Shields
 32288 | D:13     | Noticed Nessos
 32324 | D:13     | Killed Nessos
 32825 | D:13     | Noticed hnnnnnnnnnngh's ghost (journeyman OgBe)
 32838 | D:13     | Killed hnnnnnnnnnngh's ghost
 32997 | D:14     | Found a frozen archway.
 33005 | IceCv    | Entered an ice cave
 33330 | IceCv    | Noticed monokles's ghost (journeyman FeMo)
 33339 | IceCv    | Killed monokles's ghost
 33473 | IceCv    | Noticed humperndinck's ghost (adept DsAK)
 33514 | IceCv    | Killed humperndinck's ghost
 34187 | D:14     | Found a gate to the Vaults.
 34556 | D:14     | Found an opulent altar of Gozag.
 34722 | D:15     | Entered Level 15 of the Dungeon
 34815 | D:15     | Received a gift from Okawaru
 34948 | D:15     | Reached XP level 19. HP: 61/171 MP: 20/20
 35390 | D:15     | Found a staircase to the Depths.
 35907 | D:12     | Cast into level 2 of the Abyss (Sonja)
 35916 | Abyss:2  | Got a slimy brass ring
 36086 | Abyss:3  | Found a viscous altar of Jiyva.
 36253 | Abyss:3  | Found a viscous altar of Jiyva.
 36297 | Abyss:3  | Received a gift from Okawaru
 36460 | D:12     | Escaped the Abyss
 36754 | D:12     | Killed Sonja
 36900 | Lair:1   | Identified the ring "Cuagg" {MR+ Str+4} (You found it on level 2 of the Abyss)
 37121 | Swamp:4  | Entered Level 4 of the Swamp
 37451 | Swamp:3  | Received a gift from Okawaru
 37461 | Swamp:3  | Got a crude long sword {god gift}
 37462 | Swamp:3  | Identified the +1 long sword of Feamatz {vamp, rF+ rC- Str+4 Int+2} (Okawaru gifted it to you on level 3 of the Swamp)
 38080 | Swamp:4  | Got a decaying rune of Zot
 39231 | Vaults:1 | Entered Level 1 of the Vaults
 39609 | Vaults:1 | Received a gift from Okawaru
 40332 | Vaults:1 | Reached XP level 20. HP: 144/184 MP: 21/21
 40976 | Vaults:2 | Got an ancient dagger
 41453 | Vaults:2 | Received a gift from Okawaru
 41640 | Vaults:2 | Noticed retryentry's ghost (adept DsFi)
 41665 | Vaults:2 | Cast into level 3 of the Abyss (retryentry's ghost)
 41895 | Abyss:3  | Paralysed by accursed screaming for 1 turns
 42017 | Abyss:3  | Found a corrupted altar of Lugonu.
 42196 | Abyss:5  | Entered Level 5 of the Abyss
 42400 | Vaults:2 | Escaped the Abyss
 42451 | Vaults:2 | Found a staircase to the Crypt.
 42652 | Vaults:2 | Received a gift from Okawaru
 42682 | Vaults:2 | Reached XP level 21. HP: 194/194 MP: 22/22
 42784 | Vaults:2 | Cast into level 4 of the Abyss (retryentry's ghost)
 42788 | Abyss:4  | Found a corrupted altar of Lugonu.
 42896 | Abyss:4  | Noticed a bone dragon
 42913 | Abyss:4  | Killed a bone dragon
 43180 | Vaults:2 | Escaped the Abyss
 43196 | Vaults:2 | Killed retryentry's ghost
 43220 | Vaults:2 | HP: 5/195 [stone giant (19)]
 43221 | Vaults:2 | Received a gift from Okawaru
 43230 | Vaults:2 | Killed from afar by a fire dragon

Skill      XL: |  1  2  3  4  5  6  7  8  9 10 11 12 13 14 15 16 17 18 19 20 21 |
---------------+----------------------------------------------------------------+-----
Shields        | 3 4 5 6 7 8 9 10 11 12 13 14 15 16 17 | 17.9
Long Blades    | 2 3 4 6 8 9 11 12 13 14 15 16 17 18 | 18.7
Armour         | 3 4 5 6 8 9 10 11 12 13 | 13.4
Fighting       | 4 5 6 7 9 10 11 12 13 14 15 16 17 18 | 18.3
Dodging        | 1 2 3 4 5 6 7 8 |  8.3
Stealth        | 1 |  1.9
Invocations    | 2 3 |  3.0
Evocations     | |  0.1

Action                   |  1- 3 |  4- 6 |  7- 9 | 10-12 | 13-15 | 16-18 | 19-21 || total
-------------------------+-------+-------+-------+-------+-------+-------+-------++-------
Melee: Long sword        |   115 |   395 |   508 |    39 |       |       |       ||  1057
       Scimitar          |       |       |       |   910 |   271 |    15 |   114 ||  1310
       Double sword      |       |       |       |       |  1615 |  2355 |  1659 ||  5629
Invok: Heroism           |       |       |       |     5 |    17 |    12 |     6 ||    40
       Finesse           |       |       |       |       |       |     1 |       ||     1
Evoke: Wand              |       |       |       |       |       |       |     3 ||     3
  Use: Scroll            |       |     5 |    14 |    10 |    12 |    12 |    13 ||    66
       Potion            |       |     1 |     3 |       |     4 |     2 |     8 ||    18
 Stab: Petrified         |       |       |       |       |     3 |       |       ||     3
       Held in net/web   |       |       |       |       |       |     1 |       ||     1
       Confused          |       |       |       |       |       |       |     3 ||     3
  Eat: Chunk             |     4 |    14 |    22 |    36 |    75 |   105 |    88 ||   344
Armor: Scale mail        |    24 |       |       |       |       |       |       ||    24
       Plate armour      |    67 |   314 |   329 |   255 |       |       |       ||   965
       Chain mail        |       |       |       |   143 |   840 |  1244 |   969 ||  3196
Dodge: Dodged            |    19 |    68 |    82 |   206 |   675 |  1310 |   904 ||  3264
Block: Shield            |    91 |   252 |   242 |   451 |  1232 |  1955 |  1720 ||  5943
       Buckler           |       |       |       |       |       |    80 |       ||    80
       Rpst.: Long sword |     9 |    22 |    24 |     3 |       |       |       ||    58
       Scimitar          |       |       |       |    52 |    21 |     5 |     8 ||    86
       Double sword      |       |       |       |       |   150 |   264 |   134 ||   548
